 Dungeon Crawl Stone Soup version 0.29-a0-451-gfbfa42419e (webtiles) character file.

Game seed: 4121258213493465786

23 jlumianski the Skirmisher (level 2, -1/24 HPs)
             Began as a Demonspawn Fighter on May 19, 2022.
             Was an Initiate of Wu Jian.
             Slain by a black bear (2 damage)
             ... on level 5 of the Dungeon.
             The game lasted 00:02:42 (708 turns).

jlumianski the Skirmisher (Demonspawn Fighter)       Turns: 708, Time: 00:02:42

Health: -1/24      AC:  7    Str: 16    XL:     2   Next: 72%
Magic:  2/2        EV:  8    Int:  9    God:    Wu Jian [......]
Gold:   14         SH:  4    Dex: 12    Spells: 1/1 levels left

rFire   . . .      SeeInvis .   a - +0 war axe
rCold   . . .      Faith    .   c - +0 buckler
rNeg    . . .      Spirit   .   b - +0 scale mail
rPois   .          Reflect  .   (no helmet)
rElec   .          Harm     .   (no cloak)
rCorr   .          Rampage  .   (no gloves)
Will    .....                   h - +0 pair of boots
Stlth   ..........              (no amulet)
HPRegen 0.08/turn               (no ring)
MPRegen 0.08/turn               (no ring)

@: no status effects
A: claws 1
a: Renounce Religion


You were on level 5 of the Dungeon.
You worshipped Wu Jian.
Wu Jian was noncommittal.
You visited 2 branches of the dungeon, and saw 6 of its levels.

You collected 14 gold pieces.

Inventory:

Hand Weapons
 a - a +0 war axe (weapon)
Missiles
 f - 37 stones (quivered)
Armour
 b - a +0 scale mail (worn)
 c - a +0 buckler (worn)
 h - a +0 pair of boots (worn)
Magical Staves
 i - a staff of fire
Potions
 d - a potion of might
 g - a potion of lignification {unknown}


   Skills:
 + Level 3.2 Fighting
 + Level 2.0 Axes
 + Level 3.1 Armour
 + Level 2.9 Shields


You had one spell level left.
You didn't know any spells.
Your spell library was empty.

Dungeon Overview and Level Annotations

Branches:
Dungeon (5/15)             Temple (1/1) D:5

Altars:
Ashenzari
Dithmenos
Elyvilon
Fedhas
Nemelex Xobeh
Trog
Uskayaw
Wu Jian
Yredelemnul
The Shining One

Annotations:
D:5 Menkaure


Innate Abilities, Weirdness & Mutations

You have sharp fingernails.


Message History

You miss the ufetubus.
The ufetubus is moderately wounded.
The ufetubus hits you but does no damage.
You block the ufetubus's attack.
The ufetubus hits you but does no damage.
You block the ufetubus's attack.
You slash the ufetubus!
You kill the ufetubus!
The Council accepts your kill.
Your Axes skill increases to level 2!
There is a staircase back to the Dungeon, spattered with blood here.
There is a staircase back to the Dungeon, spattered with blood here.
You start resting.
HP restored.
You climb upwards.
Welcome back to the Dungeon!
Level annotation: Menkaure Menkaure calls on the powers of darkness!
Your body is wracked with pain!
There is a staircase to the Ecumenical Temple here.
A black bear comes into view.
The black bear growls angrily.
As you read the scroll labelled WAFRARCH WASTE, it crumbles to dust.
The scroll dissolves into smoke.
It was a scroll of fog.
You hit the black bear.
The black bear is lightly wounded.
The black bear bites you.
* * * LOW HITPOINT WARNING * * *
The black bear barely misses you. x2
You slash the black bear!
The black bear is moderately wounded.
You hit Menkaure. The black bear bites you.
* * * LOW HITPOINT WARNING * * *
The black bear closely misses you.
The black bear claws you but does no damage.
Menkaure barely misses you. The black bear bites you.
* * * LOW HITPOINT WARNING * * *
The black bear claws you.
* * * LOW HITPOINT WARNING * * *
The black bear claws you.
You die...

.........# ##..#
#........# ..#
#........# ...
#..####.## .###
###. ###.# ...
#...# #..#.8#####
#....§§§§§###
........8§##M@h§..#
≈≈≈≈≈.....#######h.
≈≈≈≈≈.....#
###≈≈.....#
#.#≈≈.....#
..#≈≈.....#
#≈≈.....#


You could see a black bear and Menkaure.

Vanquished Creatures
  An adder (D:2)
  An ufetubus (Temple)
  A dart slug (D:3)
  2 goblins
  2 quokkas
  A kobold (D:2)
8 creatures vanquished.

Notes
Turn   | Place    | Note
-------+----------+-------------------------------------------
     0 | D:1      | jlumianski the Demonspawn Fighter began the quest for the
                  | Orb.
     0 | D:1      | Reached XP level 1. HP: 18/18 MP: 1/1
    87 | D:2      | Gained mutation: You have sharp fingernails. [demonic
                  | ancestry]
    87 | D:2      | Reached XP level 2. HP: 20/24 MP: 2/2
   204 | D:4      | You fall into a shaft and drop 1 floor!
   204 | D:5      | Entered Level 5 of the Dungeon
   222 | D:5      | Noticed Menkaure
   235 | D:5      | Found a staircase to the Ecumenical Temple.
   245 | Temple   | Entered the Ecumenical Temple
   536 | Temple   | Became a worshipper of the Wu Jian Council
   703 | D:5      | Noticed a black bear
   708 | D:5      | HP: 1/24 [black bear (4)]
   708 | D:5      | Slain by a black bear

Illustrated notes

Levels and vault maps discovered:
D:1:      tarquinn_simple_flora_water_b, layout_basic, minmay_tetromino_s2
D:2:      layout_loops_ring, basic_altar, hellmonk_ecumenical_altar_dog_temple
D:3:      kennysheep_six_static_rooms, layout_loops_ring,
          grunt_temple_overflow_champion_of_chaos,
          nicolae_qazlal_style_of_elements, slow_altar_1, serial_shops,
          nicolae_lakefront_shop, minmay_misc_feat_tiny, minmay_misc_feat_plants
D:4:      layout_rooms, tgw_sif, kennysheep_potato
D:5:      layout_rooms, jmf_multi_god_temple, temple_statues,
          gammafunk_ghost_gnarly_gnolls, uniq_menkaure
Temple:   jpeg_temple_alley_garden

Skill      XL: |  1  2 |
---------------+-------+-----
Armour         | 3 |  3.1
Axes           | 2 |  2.0
Fighting       | |  3.2
Shields        | |  2.9

Action                   || total
-------------------------++-------
Melee: War axe           ||    23
  Use: Scroll            ||     1
Armor: Scale mail        ||    28
Dodge: Dodged            ||    27
Block: Buckler           ||    15

Table legend: (Time is in decaauts)
 A = Elapsed time spent in this place.
 B = Non-inter-level travel time spent in this place.
 C = Inter-level travel time spent in this place.
 D = Time resting spent in this place.
 E = Time spent auto-exploring this place.
 F = Levels seen in this place.
 G = Mean time per level.
                   A        B        C        D        E       F      G
               +--------+--------+--------+--------+--------+-----+--------+
         Total |    718 |    718 |      0 |    309 |     57 |   6 |  119.7 |
       Dungeon |    260 |    260 |      0 |      0 |     57 |   5 |   52.0 |
        Temple |    457 |    457 |      0 |    309 |      0 |   1 |  457.0 |
               +--------+--------+--------+--------+--------+-----+--------+

Top non-repeatable levels by time:
  Temple: 457 daAuts
     D:2: 148 daAuts
     D:5: 52 daAuts
     D:1: 40 daAuts
     D:3: 19 daAuts
